MID
FORT WAYNE TINCAPS @ LAKEWOOD BLUECLAWS
06/29/2044
 
TOP OF THE 1ST
Fort Wayne TinCaps batting - Pitching for Lakewood BlueClaws : RHP Ken Tetzlaff
Pitching: RHP Ken Tetzlaff
Batting: SHB Adam Martin 0-0: Foul Ball, location: 2F
0-1: Ball
1-1: SINGLE (Flyball, 78S, EV 95.0 MPH)
Batting: LHB Angel Mejia 0-0: Fly out, F8 (Line Drive, 8LM, EV 90.0 MPH)
Batting: LHB James Sousa 0-0: Ball
1-0: Swinging Strike
1-1: Ball
2-1: Swinging Strike
2-2: Ball
Passed Ball!
Adam Martin to second
3-2: Foul Ball, location: 2F
3-2: Base on Balls
Batting: RHB Juan Martinez 0-0: Foul Ball, location: 2F
0-1: Ball
1-1: Foul Ball, location: 2F
1-2: Ball
2-2: Foul Ball, location: 2F
2-2: Foul Ball, location: 2F
2-2: Strikes out looking
Batting: LHB Mike Schermerhorn 0-0: Ball
1-0: Ball
2-0: Ground out 4-3 (Groundball, 4, EV 90.6 MPH)
Top of the 1st over - 0 runs, 1 hit, 0 errors, 2 left on base; Fort Wayne 0 - Lakewood 0
BOTTOM OF THE 1ST
Lakewood BlueClaws batting - Pitching for Fort Wayne TinCaps : RHP Tom Ackerman
Pitching: RHP Tom Ackerman
Batting: LHB Jose Carlos 0-0: Called Strike
0-1: Foul Ball, location: 2F
0-2: Ball
1-2: Strikes out swinging
Batting: RHB Alberto Ramirez 0-0: Ball
1-0: Ground out 3-1 (Groundball, 34, EV 103.1 MPH)
Batting: SHB Bob Dixon 0-0: Ball
1-0: Called Strike
1-1: Foul Ball, location: 2F
1-2: Ball
2-2: Foul Ball, location: 2F
2-2: Ball
3-2: Strikes out swinging
Bottom of the 1st over - 0 runs, 0 hits, 0 errors, 0 left on base; Fort Wayne 0 - Lakewood 0
TOP OF THE 2ND
Fort Wayne TinCaps batting - Pitching for Lakewood BlueClaws : RHP Ken Tetzlaff
Batting: SHB Josh Parker 0-0: Ground out 6-3 (Groundball, 6, EV 86.2 MPH)
Batting: RHB Mike Maserang 0-0: Ball
1-0: Fly out, F7 (Flyball, 7, EV 84.4 MPH)
Batting: RHB Davey Verhoog 0-0: Ball
1-0: Ball
2-0: Swinging Strike
2-1: Called Strike
2-2: Ground out 6-3 (Groundball, 6, EV 98.8 MPH)
Top of the 2nd over - 0 runs, 0 hits, 0 errors, 0 left on base; Fort Wayne 0 - Lakewood 0
BOTTOM OF THE 2ND
Lakewood BlueClaws batting - Pitching for Fort Wayne TinCaps : RHP Tom Ackerman
Batting: RHB Victor Arroyo 0-0: Ball
1-0: Foul Ball, location: 2F
1-1: Foul Ball, location: 2F
1-2: Strikes out swinging
Batting: RHB Danny Krug 0-0: Fly out, F7 (Line Drive, 7, EV 101.2 MPH)
Batting: RHB Steve Jones 0-0: Ball
1-0: Ball
2-0: Called Strike
2-1: Foul Ball, location: 2F
2-2: Foul Ball, location: 2F
2-2: Ball
3-2: Base on Balls
Batting: RHB Kyle Morse 0-0: Called Strike
Steve Jones steals 2nd base
0-1: Ball
1-1: Foul Ball, location: 2F
1-2: Strikes out swinging
Bottom of the 2nd over - 0 runs, 0 hits, 0 errors, 1 left on base; Fort Wayne 0 - Lakewood 0
TOP OF THE 3RD
Fort Wayne TinCaps batting - Pitching for Lakewood BlueClaws : RHP Ken Tetzlaff
Batting: RHB Rich Justice 0-0: Swinging Strike
0-1: Hit by Pitch
Batting: SHB Adam Martin 0-0: Called Strike
0-1: Ball
1-1: Ball
2-1: Grounds into double play, 3-6-3 (Groundball, 34, EV 101.2 MPH)
Batting: LHB Angel Mejia 0-0: Ball
1-0: Ball
2-0: Ball
3-0: Called Strike
3-1: Swinging Strike
3-2: Foul Ball, location: 2F
3-2: Fly out, F7 (Flyball, 7D, EV 103.1 MPH)
Top of the 3rd over - 0 runs, 0 hits, 0 errors, 0 left on base; Fort Wayne 0 - Lakewood 0
BOTTOM OF THE 3RD
Lakewood BlueClaws batting - Pitching for Fort Wayne TinCaps : RHP Tom Ackerman
Batting: RHB Pedro Mata 0-0: Ball
1-0: Ball
2-0: DOUBLE (Line Drive, 3D, EV 95.0 MPH)
Batting: SHB Mike Rueth 0-0: Ball
1-0: Ball
2-0: Foul Ball, location: 2F
2-1: Foul Ball, location: 2F
2-2: Ball
3-2: Foul Ball, location: 2F
3-2: Strikes out swinging
Batting: LHB Jose Carlos 0-0: Ball
1-0: Foul Ball, location: 2F
1-1: Swinging Strike
1-2: Ground out 6-3 (Groundball, 6, EV 81.9 MPH)
Batting: RHB Alberto Ramirez 0-0: Fly out, F9 (Line Drive, 9D, EV 93.8 MPH)
Bottom of the 3rd over - 0 runs, 1 hit, 0 errors, 1 left on base; Fort Wayne 0 - Lakewood 0
TOP OF THE 4TH
Fort Wayne TinCaps batting - Pitching for Lakewood BlueClaws : RHP Ken Tetzlaff
Batting: LHB James Sousa 0-0: Called Strike
0-1: Foul Ball, location: 2F
0-2: Ball
1-2: Foul Ball, location: 2F
1-2: Ball
2-2: Ball
3-2: Base on Balls
Batting: RHB Juan Martinez 0-0: Called Strike
0-1: Fly out, F8 (Flyball, 8LS, EV 97.5 MPH)
Batting: LHB Mike Schermerhorn 0-0: Reached on error, E5 (Groundball, 5S, EV 67.5 MPH)
James Sousa to third
Batting: SHB Josh Parker 0-0: Foul Ball, location: 2F
0-1: Ball
1-1: Swinging Strike
1-2: Ball
2-2: Ball
3-2: Foul Ball, location: 2F
3-2: SINGLE (Groundball, 6D, EV 102.5 MPH)
James Sousa scores
Mike Schermerhorn to third
Batting: RHB Mike Maserang 0-0: Ball
1-0: Foul Ball, location: 2F
1-1: Fielders Choice at 2nd, 2-6 (Groundball, 13S, EV 68.8 MPH)
Batting: RHB Davey Verhoog 0-0: Ball
1-0: Fly out, F3 (Popup, 3S, EV 88.8 MPH)
Top of the 4th over - 1 run, 1 hit, 1 error, 2 left on base; Fort Wayne 1 - Lakewood 0
BOTTOM OF THE 4TH
Lakewood BlueClaws batting - Pitching for Fort Wayne TinCaps : RHP Tom Ackerman
Batting: SHB Bob Dixon 0-0: Ball
1-0: Called Strike
1-1: Foul Ball, location: 2F
1-2: Strikes out swinging
Batting: RHB Victor Arroyo 0-0: Ground out 4-3 (Groundball, 4, EV 98.8 MPH)
Batting: RHB Danny Krug 0-0: Ball
1-0: Ball
2-0: DOUBLE (Groundball, 5L, EV 96.9 MPH)
Batting: RHB Steve Jones 0-0: Ball
1-0: SINGLE (Groundball, 56S, EV 68.1 MPH) (infield hit)
Danny Krug to third
Batting: RHB Kyle Morse 0-0: Ball
1-0: Ball
2-0: Called Strike
2-1: Called Strike
2-2: Ball
3-2: Strikes out swinging
Bottom of the 4th over - 0 runs, 2 hits, 0 errors, 2 left on base; Fort Wayne 1 - Lakewood 0
TOP OF THE 5TH
Fort Wayne TinCaps batting - Pitching for Lakewood BlueClaws : RHP Ken Tetzlaff
Batting: RHB Rich Justice 0-0: Called Strike
0-1: Called Strike
0-2: Ball
1-2: Strikes out looking
Batting: SHB Adam Martin 0-0: Called Strike
0-1: Ball
1-1: Foul Ball, location: 2F
1-2: SINGLE (Line Drive, 34D, EV 102.5 MPH)
Batting: LHB Angel Mejia 0-0: Fielders Choice at 2nd, U6 (Groundball, 4M, EV 87.5 MPH)
Batting: LHB James Sousa 0-0: Reached on error, E7 (Flyball, 7, EV 88.1 MPH)
Angel Mejia to third
Batting: RHB Juan Martinez 0-0: Ball
1-0: Foul Ball, location: 2F
1-1: Called Strike
1-2: Foul Ball, location: 2F
1-2: Foul Ball, location: 2F
1-2: Strikes out swinging
Top of the 5th over - 0 runs, 1 hit, 1 error, 2 left on base; Fort Wayne 1 - Lakewood 0
BOTTOM OF THE 5TH
Lakewood BlueClaws batting - Pitching for Fort Wayne TinCaps : RHP Tom Ackerman
Batting: RHB Pedro Mata 0-0: Ball
1-0: Foul Ball, location: 2F
1-1: Ground out 3-1 (Groundball, 34S, EV 88.1 MPH)
Batting: SHB Mike Rueth 0-0: Fly out, F7 (Flyball, 7LM, EV 92.5 MPH)
Batting: LHB Jose Carlos 0-0: Ball
1-0: Ball
2-0: Ball
3-0: Base on Balls
Batting: RHB Alberto Ramirez 0-0: Called Strike
0-1: Called Strike
0-2: SINGLE (Groundball, 34S, EV 62.5 MPH) (infield hit)
Jose Carlos to second
Batting: SHB Bob Dixon 0-0: Ball
1-0: Foul Ball, location: 2F
1-1: Foul Ball, location: 2F
1-2: Foul Ball, location: 2F
1-2: Strikes out swinging
Bottom of the 5th over - 0 runs, 1 hit, 0 errors, 2 left on base; Fort Wayne 1 - Lakewood 0
TOP OF THE 6TH
Fort Wayne TinCaps batting - Pitching for Lakewood BlueClaws : RHP Ken Tetzlaff
Pitching: LHP Scott Hopkins
Batting: LHB Mike Schermerhorn 0-0: Ball
1-0: Ball
2-0: Swinging Strike
2-1: Ball
3-1: Foul Ball, location: 2F
3-2: Fly out, F8 (Flyball, 78M, EV 71.2 MPH)
Batting: SHB Josh Parker 0-0: Called Strike
0-1: Ground out 6-3 (Groundball, 6, EV 80.0 MPH)
Batting: RHB Mike Maserang 0-0: Ball
1-0: Ground out 4-3 (Groundball, 4M, EV 83.8 MPH)
Top of the 6th over - 0 runs, 0 hits, 0 errors, 0 left on base; Fort Wayne 1 - Lakewood 0
BOTTOM OF THE 6TH
Lakewood BlueClaws batting - Pitching for Fort Wayne TinCaps : RHP Tom Ackerman
Pitching: RHP Andre Wiltz
Batting: RHB Victor Arroyo 0-0: Called Strike
0-1: Ball
1-1: Ball
2-1: Swinging Strike
2-2: Foul Ball, location: 2F
2-2: Foul Ball, location: 2F
2-2: Foul Ball, location: 2F
2-2: Ball
3-2: Foul Ball, location: 2F
3-2: Foul Ball, location: 2F
3-2: Foul Ball, location: 2F
3-2: SINGLE (Line Drive, 4D, EV 98.8 MPH)
Batting: RHB Danny Krug 0-0: Ball
1-0: Foul Ball, location: 2F
1-1: Foul Ball, location: 2F
1-2: Ball
2-2: Foul Ball, location: 2RF, Error on foul ball, E2
2-2: Ball
3-2: Foul Ball, location: 2F
3-2: Strikes out looking
Batting: RHB Steve Jones 0-0: Ball
1-0: Ground out 5-3 (Groundball, 6S, EV 88.8 MPH)
Victor Arroyo to second
Batting: RHB Kyle Morse 0-0: Ball
1-0: DOUBLE (Flyball, 8LXD, EV 96.2 MPH)
Victor Arroyo scores
Pitching: RHP Roger Brennan
Pinch Hitting: SHB Chris Perteet 0-0: Called Strike
0-1: Ground out 5-3 (Groundball, 56S, EV 91.9 MPH)
Bottom of the 6th over - 1 run, 2 hits, 1 error, 1 left on base; Fort Wayne 1 - Lakewood 1
TOP OF THE 7TH
Fort Wayne TinCaps batting - Pitching for Lakewood BlueClaws : LHP Scott Hopkins
Now at 2B: Pablo Lopez
Batting: RHB Davey Verhoog 0-0: Ball
1-0: Ball
2-0: Ground out U3 (Groundball, 3L, EV 103.1 MPH)
Batting: RHB Rich Justice 0-0: Ball
1-0: Ball
2-0: SOLO HOME RUN (Line Drive, 7D, EV 99.4 MPH), Distance : 369 ft
Batting: SHB Adam Martin 0-0: Ball
1-0: Called Strike
1-1: Ball
2-1: Ball
3-1: Ground out 5-3 (Groundball, 56, EV 84.4 MPH)
Batting: LHB Angel Mejia 0-0: Ball
1-0: Foul Ball, location: 2F
1-1: SINGLE (Groundball, 5L, EV 98.1 MPH)
Batting: LHB James Sousa 0-0: Fly out, F1 (Line Drive, P, EV 68.8 MPH)
Top of the 7th over - 1 run, 2 hits, 0 errors, 1 left on base; Fort Wayne 2 - Lakewood 1
BOTTOM OF THE 7TH
Lakewood BlueClaws batting - Pitching for Fort Wayne TinCaps : RHP Roger Brennan
Batting: SHB Mike Rueth 0-0: Ball
1-0: Foul Ball, location: 2F
1-1: Fly out, F6 (Flyball, 6D, EV 96.2 MPH)
Batting: LHB Jose Carlos 0-0: Ball
1-0: Called Strike
1-1: Swinging Strike
1-2: Ball
2-2: Strikes out swinging
Batting: RHB Alberto Ramirez 0-0: SINGLE (Line Drive, 56D, EV 97.5 MPH)
Batting: SHB Bob Dixon 0-0: Foul Ball, location: 2F
0-1: Ball
Alberto Ramirez steals 2nd base
1-1: Ground out 1-3 (Groundball, 25, EV 61.9 MPH)
Bottom of the 7th over - 0 runs, 1 hit, 0 errors, 1 left on base; Fort Wayne 2 - Lakewood 1
TOP OF THE 8TH
Fort Wayne TinCaps batting - Pitching for Lakewood BlueClaws : LHP Scott Hopkins
Pitching: RHP Ronnie DeAngelo
Batting: RHB Juan Martinez 0-0: Ball
1-0: Ball
2-0: Called Strike
2-1: SINGLE (Line Drive, 6D, EV 104.4 MPH)
Batting: LHB Mike Schermerhorn 0-0: Ball
1-0: Ball
2-0: Ball
3-0: Called Strike
3-1: Base on Balls
Juan Martinez to second
Batting: SHB Josh Parker 0-0: Sac Bunt to 13 - play at first, batter OUT! 1-4
Juan Martinez to third
Mike Schermerhorn to second
Batting: RHB Mike Maserang 0-0: Called Strike
0-1: Swinging Strike
0-2: SINGLE (Groundball, 56, EV 107.5 MPH)
Juan Martinez scores
Mike Schermerhorn to third
Batting: RHB Davey Verhoog 0-0: Called Strike
0-1: Ball
1-1: Ball
2-1: Fly out, F9 (Flyball, 9, EV 91.9 MPH)
Batting: RHB Rich Justice 0-0: Swinging Strike
0-1: Swinging Strike
0-2: Strikes out looking
Top of the 8th over - 1 run, 2 hits, 0 errors, 2 left on base; Fort Wayne 3 - Lakewood 1
BOTTOM OF THE 8TH
Lakewood BlueClaws batting - Pitching for Fort Wayne TinCaps : RHP Roger Brennan
Pitching: RHP Eddie Starks
Batting: RHB Victor Arroyo 0-0: Called Strike
0-1: Ball
1-1: Swinging Strike
1-2: Ball
2-2: Ball
3-2: Foul Ball, location: 2F
3-2: Strikes out looking
Batting: RHB Danny Krug 0-0: Called Strike
0-1: Foul Ball, location: 2F
0-2: Ball
1-2: Foul Ball, location: 2F
1-2: Strikes out swinging
Batting: RHB Steve Jones 0-0: Ball
1-0: Ball
2-0: Called Strike
2-1: Ground out 6-3 (Groundball, 6, EV 86.9 MPH)
Bottom of the 8th over - 0 runs, 0 hits, 0 errors, 0 left on base; Fort Wayne 3 - Lakewood 1
TOP OF THE 9TH
Fort Wayne TinCaps batting - Pitching for Lakewood BlueClaws : RHP Ronnie DeAngelo
Pitching: RHP Derek Ziolkowski
Batting: SHB Adam Martin 0-0: Foul Ball, location: 2F
0-1: Called Strike
0-2: Strikes out looking
Batting: LHB Angel Mejia 0-0: Ball
1-0: Ball
2-0: Called Strike
2-1: Foul Ball, location: 2F
2-2: Fly out, F7 (Flyball, 7LS, EV 86.2 MPH)
Batting: LHB James Sousa 0-0: Foul Ball, location: 2F
0-1: Swinging Strike
0-2: Strikes out swinging
Top of the 9th over - 0 runs, 0 hits, 0 errors, 0 left on base; Fort Wayne 3 - Lakewood 1
BOTTOM OF THE 9TH
Lakewood BlueClaws batting - Pitching for Fort Wayne TinCaps : RHP Eddie Starks
Pitching: RHP Arturo Diaz
Batting: RHB Kyle Morse 0-0: Called Strike
0-1: Ball
1-1: Called Strike
1-2: Ball
2-2: Strikes out swinging
Pinch Hitting: LHB Troy Hodge 0-0: Ball
1-0: Ball
2-0: Ball
3-0: Foul Ball, location: 2F
3-1: Base on Balls
Batting: SHB Mike Rueth 0-0: Foul Ball, location: 2F
0-1: Ball
1-1: Foul Ball, location: 2F
1-2: Strikes out swinging
Batting: LHB Jose Carlos 0-0: Ball
1-0: Foul Ball, location: 2F
1-1: Ball
2-1: Fly out, F9 (Flyball, 9LM, EV 92.5 MPH)
Bottom of the 9th over - 0 runs, 0 hits, 0 errors, 1 left on base; Fort Wayne 3 - Lakewood 1
Thursday, March 31st , 2022 - OOTP Baseball 22.12 Build 89